Map: Bel'Shir Vestige LE (Void)

Players

Nerchio - Winner!

  • Race: Zerg Zerg
  • Spawn Location: 5:00

ParanOid

  • Race: Zerg Zerg
  • Spawn Location: 11:00

Event: IEM XI Katowice - World Championship 2017

VOD

Have the link to the VOD?

Description

Time

  • Played on: Feb. 28, 2017, 4:58 a.m.
  • Length: 8:32

All games in this series

Show
View Real Time Build Order
Export as new Build Order

Nerchio Zerg - Winner!

Build Orders: Hatch First 

Get SALT Encoding   

  12  0:00  Drone  
  13  0:12  Overlord  
  13  0:17  Drone  
  14  0:30  Drone x2  
  14  0:34  Drone  
  17  0:54  Drone  
  17  0:55  Hatchery  
  17  0:57  Drone  
  18  1:05  Extractor  
  17  1:12  Spawning Pool  
  17  1:15  Drone  
  17  1:19  Drone  
  18  1:27  Drone  
  19  1:38  Overlord  
  19  1:49  Drone  
  20  1:59  Queen  
  20  2:00  Zergling x2  
  23  2:04  Metabolic Boost  
  23  2:06  Queen  
  23  2:07  Zergling x2  
  26  2:10  Drone  
  27  2:17  Drone  
  27  2:21  Drone  
  29  2:29  Drone, Baneling Nest  
  29  2:33  Drone  
  30  2:39  Drone  
  31  2:52  Hatchery, Overlord  
  31  2:54  Zergling x2  
  31  2:58  Zergling x2  
  31  3:05  Zergling x4  
  33  3:08  Zergling x4  
  33  3:09  Zergling x2  
  36  3:16  Zergling x2  
  36  3:19  Drone  
  39  3:20  Drone  
  39  3:21  Drone  
  39  3:25  Baneling x2  
  39  3:27  Overlord  
  40  3:31  Drone  
  40  3:32  Drone  
  42  3:39  Queen  
  44  3:43  Overlord  
  44  3:50  Zergling x6  
  44  3:53  Zergling x2  
  47  4:00  Drone x2  
  49  4:05  Roach Warren, Extractor  
  49  4:06  Drone  
  49  4:07  Drone  
  49  4:11  Drone  
  49  4:12  Drone  
  49  4:14  Drone  
  52  4:23  Drone x3  
  54  4:25  Drone x2  
  52  4:41  Overlord x2  
  52  4:45  Roach x3  
  58  4:46  Roach x2  
  58  4:48  Roach  
  58  4:50  Roach  
  64  5:00  Roach x3  
  64  5:01  Roach  
  64  5:02  Zergling x2  
  64  5:03  Zergling x2  
  64  5:04  Zergling x2  
  64  5:05  Zergling x2  
  74  5:07  Zergling x2  
  69  5:14  Zergling x4  
  69  5:19  Queen  
  67  5:23  Drone  
  67  5:24  Drone  
  67  5:25  Drone  
  67  5:28  Drone  
  66  5:30  Drone  
  66  5:32  Drone  
  66  5:33  Drone  
  66  5:35  Drone  
  69  5:37  Drone  
  69  5:39  Drone  
  69  5:40  Drone  
  72  5:45  Lair  
  72  5:48  Drone  
  73  5:54  Evolution Chamber  
  73  5:55  Extractor  
  71  5:57  Drone x3  
  71  6:01  Queen  
  71  6:04  Overlord  
  76  6:07  Overlord  
  76  6:14  Overlord  
  76  6:21  Zerg Missile Weapons Level 1, Roach x2  
  76  6:22  Roach x2  
  86  6:25  Roach  
  86  6:33  Roach  
  86  6:34  Roach  
  86  6:35  Roach x2  
  86  6:36  Roach  
  86  6:39  Roach  
  97  6:41  Roach  
  97  6:42  Roach  
  94  6:49  Roach x3  
  94  6:51  Glial Reconstitution  
  99  6:56  Roach x2  
  99  6:58  Roach  
  105  7:04  Overlord x2  
  105  7:06  Overlord  
  105  7:14  Overlord x2  
  105  7:20  Overlord  
  105  7:28  Roach x4  
  105  7:29  Roach x2  
  117  7:31  Roach  
  117  7:36  Roach x2  
  123  7:38  Roach  
  123  7:40  Roach  
  123  7:43  Roach  
  129  7:45  Ravager  
  129  7:46  Roach  
  129  7:47  Roach  
  129  7:50  Roach  
  136  7:53  Roach  
  136  7:56  Roach  
  140  7:59  Roach  
  140  8:02  Roach  
  144  8:06  Roach  
  144  8:07  Zergling x8  
  144  8:09  Zergling x2  
  151  8:13  Overlord  
Show
View Real Time Build Order
Export as new Build Order

ParanOid Zerg 

Build Orders: Hatch First 

Get SALT Encoding   

  12  0:01  Drone  
  13  0:12  Overlord  
  13  0:16  Drone  
  14  0:31  Drone x2  
  14  0:34  Drone  
  17  0:52  Hatchery  
  17  0:56  Drone  
  17  0:58  Drone  
  18  1:10  Extractor  
  17  1:14  Spawning Pool  
  17  1:16  Drone  
  17  1:19  Drone  
  18  1:28  Drone  
  19  1:38  Overlord  
  19  1:50  Drone  
  20  2:00  Queen  
  22  2:02  Zergling x2  
  22  2:04  Queen  
  22  2:06  Drone  
  26  2:10  Metabolic Boost  
  26  2:13  Drone  
  27  2:18  Drone  
  28  2:23  Drone  
  28  2:29  Zergling x2  
  30  2:35  Drone  
  31  2:37  Zergling x2  
  31  2:43  Hatchery  
  31  2:52  Drone x2  
  32  3:02  Roach Warren  
  30  3:06  Drone x2  
  30  3:07  Overlord  
  30  3:12  Zergling x6  
  35  3:15  Overlord  
  35  3:27  Zergling x2  
  35  3:28  Zergling x8  
  40  3:44  Roach  
  40  3:45  Roach x4  
  49  3:55  Roach  
  49  3:56  Roach x3  
  49  4:00  Roach  
  55  4:03  Zergling x2  
  55  4:04  Zergling x2  
  55  4:06  Zergling x2  
  55  4:08  Zergling x2  
  58  4:12  Overlord  
  56  4:17  Zergling x2  
  54  4:25  Zergling x2  
  54  4:26  Zergling x2  
  56  4:31  Overlord  
  54  4:47  Zergling x10  
  54  4:51  Zergling x2  
  53  5:19  Hatchery  
  46  5:26  Drone x3  
  39  5:28  Drone x2  
  39  5:37  Roach x6  
  39  5:38  Roach x2  
  55  5:43  Roach  
  55  5:46  Roach  
  57  5:56  Roach x2  
  61  6:07  Extractor  
  60  6:12  Drone x3  
  60  6:16  Zergling x10  
  68  6:19  Overlord  
  68  6:21  Overlord, Extractor  
  68  6:22  Queen, Extractor  
  65  6:42  Roach x2  
  65  6:43  Roach x6  
  65  6:46  Zergling x8  
  80  7:01  Roach  
  80  7:02  Roach x2  
  80  7:07  Roach  
  80  7:08  Roach  
  86  7:17  Roach  
  86  7:18  Overlord x2  
  88  7:25  Overlord  
  88  7:26  Overlord  
  88  7:33  Overlord  
  88  7:42  Overlord  
  88  7:48  Zergling x16  
  97  7:51  Ravager  
  97  7:52  Ravager  
  97  7:53  Ravager  
  97  7:54  Zergling x8  
  103  8:00  Zergling x10  

Tags
 
Add a new tag
Caveats
  • Supply blocks, unpowered buildings, or Contaminate may cause inaccurate times.
  • Supply counts are checked every 10 seconds.